Maroons vs Senateurs

Created - 3 avril 2024 at 08:33

Goals
1 2 3 T
Maroons 1 0 0 1
Senateurs 2 1 1 4
Shots
1 2 3 T
Maroons 4 12 12 28
Senateurs 9 12 15 36

GoalsPenalties
1st period
1. Senateurs , Jared McCann 17 (Steven Stamkos 45, Michael Anderson 21) at 10:51
2. Maroons , Jack Quinn 14 (Matthew Tkachuk 51, Warren Foegele 11) at 16:47
3. Senateurs , Alexander Kerfoot 13 (Nicholas Paul 7, Nick Bjugstad 25) at 18:35
Dougie Hamilton (OTT) for Holding (Minor) at 6:34
Jacob Trouba (MON) for High sticking (Double Minor) at 10:54
2nd period
4. Senateurs , Nicholas Paul 11 (Alexander Kerfoot 16) at 2:25
Artem Zub (OTT) for Hooking (Minor) at 2:41
Michael Anderson (OTT) for Tripping (Minor) at 7:56
3rd period
5. Senateurs , Andre Burakovsky 27 (Steven Stamkos 46, Dougie Hamilton 31) at 17:11
Kent Johnson (MON) for Hooking (Minor) at 2:06
Dougie Hamilton (OTT) for Charging (Minor) at 10:02
Goalie Stats
John Gibson (MON), 32 saves from 36 shots - (0,889), L, 17-32-2, 60:00 minutes
Ilya Sorokin (OTT), 27 saves from 28 shots - (0,964), W, 27-11-6, 60:00 minutes
3 StarsOfficial
1 - Nicholas Paul (OTT)
2 - Alexander Kerfoot (OTT)
3 - Ilya Sorokin (OTT)
Referees : Dan O'Rourke and Dan Kelly
Linesman : Bryan Pancich and Justin Cornell
Game Note
11:40 of 2nd period - Maroons goal is going for a video replay. After video review, No Goal. The puck has entered the net after making contact with an attacking player’s stick that is above the height of the crossbar.
Finance
Level 1 -- Attendance: 5955 (99,25%) -- Ticket Income $535,950
Level 2 -- Attendance: 5000 (100,00%) -- Ticket Income $275,000
Level 3 -- Attendance: 1943 (97,15%) -- Ticket Income $64,119
Level 4 -- Attendance: 4000 (100,00%) -- Ticket Income $72,000
Luxury Box -- Attendance: 1000 (100,00%) -- Ticket Income $180,000
Game was played at the Place Banque Scottia.
Total Attendance: 17898 (99,43%)
Total Ticket Income: $1,127,069
Other Income: $552,264
Total Income: $1,679,333



Team Name Goals Shots Shots Attemp Shots Blocked PIM HIT PP PK FO%
Maroons 12859186200 / 4 (0%)039%
Senateurs 43668148260 / 3 (0%)061%

Maroons
Player Name POS G A P +/- PIM HIT SHT SB MP PP MP PP SHT PK MP PK SHT FO% FOT GA TA
Adam ErneLW/RW000-102108:370:0001:5000% 100
Andrew PoturalskiC/LW/RW000-1013120:160:0000:00048% 2100
Arber XhekajD0000041119:372:4403:2700% 000
Bo HorvatC000-100001:010:0100:1300% 000
Casey MittelstadtC0000013014:260:0000:00042% 1210
Cole PerfettiC/LW/RW000-1031117:453:1810:0000% 300
Esa LindellD000-1000420:020:0004:1300% 001
Filip ZadinaLW/RW000000000:540:0000:0000% 000
Jack QuinnRW1010024019:233:1811:5010% 202
Jacob TroubaD000-2412322:552:4400:4500% 001
Keegan KolesarRW000-100007:010:0000:0000% 100
Kent JohnsonC/LW000-1211013:583:1800:38025% 800
Kevin BahlD0000010210:020:0000:0000% 000
Matthew TkachukLW0110016220:014:3830:3800% 120
Nick RitchieLW000-100109:350:0000:0000% 000
Noah JuulsenD000000000:330:0000:0000% 000
Pierre-Luc DuboisC/LW000-1001022:134:3803:321100% 601
Rasmus DahlinD000-2021125:485:1201:2200% 004
Vince DunnD000-1001321:255:1202:0900% 000
Warren FoegeleLW/RW011-1012018:284:3713:15014% 710
Senateurs
Player Name POS G A P +/- PIM HIT SHT SB MP PP MP PP SHT PK MP PK SHT FO% FOT GA TA
Alexander EdlerD0001040220:552:3903:2500% 001
Alexander KerfootC/LW/RW1122002115:320:2804:1000% 100
Andre BurakovskyLW/RW1012014018:003:0101:1700% 000
Artem ZubD0001231220:252:3902:4600% 001
Casey CizikasC/LW000-1027112:280:2802:29086% 700
Colton SissonsC/RW0000000016:580:2804:23075% 2000
Dougie HamiltonD0111414221:283:1910:5700% 010
Eric RobinsonLW/RW000-102209:310:0000:0000% 000
Evan BouchardD0001010117:283:1900:0000% 000
Jakub VoracekLW/RW0000000214:282:2900:000100% 140
Jared McCannC/LW/RW1012011117:413:0101:04050% 210
Michael AndersonD0111222221:080:0003:3000% 001
Nicholas PaulC/LW1122043013:212:2900:000100% 110
Nick BjugstadC/RW0112020012:500:0002:29063% 810
Nick HoldenD0001001019:130:0005:1400% 000
Philipp KurashevC/LW/RW000-100509:310:0000:0000% 001
Ryan HartmanC/LW/RW0000031014:282:2900:0000% 100
Steven StamkosC/LW/RW0222003016:353:0100:00043% 2110

Maroons

5 vs 5 Forward
Line #Left WingCenterRight WingPHYDFOFWanted %Time %Time Play
1Matthew TkachukAndrew PoturalskiJack Quinn1224031%14:18
2Pierre-Luc DuboisCasey MittelstadtCole Perfetti1223033%15:26
3Nick RitchieKent JohnsonWarren Foegele1222021%9:35
4Adam ErneAndrew PoturalskiKeegan Kolesar1221015%6:47
5 vs 5 Defense
Line #DefenseDefensePHYDFOFWanted %Time %Time Play
1Rasmus DahlinJacob Trouba1224042%19:20
2Vince DunnEsa Lindell1223030%13:48
3Arber XhekajKevin Bahl1222022%10:02
4Arber XhekajEsa Lindell122106%2:56
Power Play Forward
Line #Left WingCenterRight WingPHYDFOFWanted %Time %Time Play
1Matthew TkachukWarren FoegelePierre-Luc Dubois1226058%4:38
2Kent JohnsonCole PerfettiJack Quinn1224042%3:18
Power Play Defense
Line #DefenseDefensePHYDFOFWanted %Time %Time Play
1Vince DunnRasmus Dahlin1226066%5:12
2Arber XhekajJacob Trouba1224034%2:44
Penalty Kill 4 Players Forward
Line #CenterWingPHYDFOFWanted %Time %Time Play
1Pierre-Luc DuboisWarren Foegele1226069%4:08
2Jack QuinnAdam Erne1224031%1:50
Penalty Kill 4 Players Defense
Line #DefenseDefensePHYDFOFWanted %Time %Time Play
1Esa LindellArber Xhekaj1226058%3:27
2Jacob TroubaEsa Lindell1224042%2:31
Penalty Kill 3 Players
Line #WingPHYDFOFWanted %Time %Time PlayDefenseDefensePHYDFOFWanted %Time %Time Play
1Pierre-Luc Dubois122600%0:00 Jacob TroubaEsa Lindell122600%0:00
2Cole Perfetti122400%0:00 Arber XhekajVince Dunn122400%0:00
4 vs 4 Forward
Line #CenterWingPHYDFOFWanted %Time %Time Play
1Jack QuinnKent Johnson122600%0:00
2Pierre-Luc DuboisCole Perfetti122400%0:00
4 vs 4 Defense
Line #DefensePHYDFOFWanted %Time %Time Play
1Rasmus DahlinVince Dunn122600%0:00
2Esa LindellJacob Trouba122400%0:00
Last Minutes Offensive
Left WingCenterRight WingDefenseDefense
Matthew TkachukFilip ZadinaPierre-Luc DuboisJacob TroubaVince Dunn
Last Minutes Defensive
Left WingCenterRight WingDefenseDefense
Matthew TkachukFilip ZadinaPierre-Luc DuboisJacob TroubaVince Dunn
Time
Total ForwardTotal DefenseLast Minutes OffensiveLast Minutes Defensive
60:00 60:00 0:000:00
Extra Forwards
Normal PowerPlayPenalty Kill
Pierre-Luc Dubois, Matthew Tkachuk, Jack QuinnPierre-Luc Dubois, Matthew TkachukKent Johnson
Extra Defensemen
Normal PowerPlayPenalty Kill
Arber Xhekaj, Rasmus Dahlin, Jacob TroubaEsa Lindell, Vince DunnJacob Trouba
Penalty Shots
Warren Foegele, Matthew Tkachuk, Cole Perfetti, Pierre-Luc Dubois, Jack Quinn
Goalie
John Gibson, Tyler Parks
Custom OT Lines Forwards
Kent Johnson, Cole Perfetti, Matthew Tkachuk, Andrew Poturalski, Pierre-Luc Dubois, Casey Mittelstadt, Warren Foegele, Nick Ritchie, Jack Quinn, Adam Erne
Custom OT Lines Defensemen
Arber Xhekaj, Rasmus Dahlin, Jacob Trouba, Esa Lindell, Vince Dunn
Scratches
None

Senateurs

5 vs 5 Forward
Line #Left WingCenterRight WingPHYDFOFWanted %Time %Time Play
1Andre BurakovskySteven StamkosJared McCann1223131%14:15
2Jakub VoracekColton SissonsRyan Hartman1222726%11:59
3Nicholas PaulNick BjugstadAlexander Kerfoot1222322%10:21
4Eric RobinsonCasey CizikasPhilipp Kurashev1221921%9:31
5 vs 5 Defense
Line #DefenseDefensePHYDFOFWanted %Time %Time Play
1Dougie HamiltonMichael Anderson1223636%16:30
2Alexander EdlerNick Holden1223332%14:51
3Artem ZubEvan Bouchard1223130%14:01
4Dougie HamiltonMichael Anderson12202%0:44
Power Play Forward
Line #Left WingCenterRight WingPHYDFOFWanted %Time %Time Play
1Jared McCannSteven StamkosAndre Burakovsky1226058%3:29
2Jakub VoracekNicholas PaulRyan Hartman1224042%2:29
Power Play Defense
Line #DefenseDefensePHYDFOFWanted %Time %Time Play
1Dougie HamiltonEvan Bouchard1226056%3:19
2Alexander EdlerArtem Zub1224044%2:39
Penalty Kill 4 Players Forward
Line #CenterWingPHYDFOFWanted %Time %Time Play
1Colton SissonsAlexander Kerfoot1226069%5:27
2Casey CizikasNick Bjugstad1224031%2:29
Penalty Kill 4 Players Defense
Line #DefenseDefensePHYDFOFWanted %Time %Time Play
1Michael AndersonNick Holden1226066%5:14
2Artem ZubAlexander Edler1224034%2:42
Penalty Kill 3 Players
Line #WingPHYDFOFWanted %Time %Time PlayDefenseDefensePHYDFOFWanted %Time %Time Play
1Colton Sissons122600%0:00 Michael AndersonNick Holden122600%0:00
2Casey Cizikas122400%0:00 Artem ZubAlexander Edler122400%0:00
4 vs 4 Forward
Line #CenterWingPHYDFOFWanted %Time %Time Play
1Casey CizikasJakub Voracek122600%0:00
2Colton SissonsAndre Burakovsky122400%0:00
4 vs 4 Defense
Line #DefensePHYDFOFWanted %Time %Time Play
1Alexander EdlerNick Holden122600%0:00
2Artem ZubEvan Bouchard122400%0:00
Last Minutes Offensive
Left WingCenterRight WingDefenseDefense
Jared McCannSteven StamkosAndre BurakovskyDougie HamiltonEvan Bouchard
Last Minutes Defensive
Left WingCenterRight WingDefenseDefense
Casey CizikasColton SissonsAlexander KerfootNick HoldenArtem Zub
Time
Total ForwardTotal DefenseLast Minutes OffensiveLast Minutes Defensive
60:00 60:00 0:000:00
Extra Forwards
Normal PowerPlayPenalty Kill
Colton Sissons, Andre Burakovsky, Jakub VoracekSteven Stamkos, Jared McCannColton Sissons
Extra Defensemen
Normal PowerPlayPenalty Kill
Dougie Hamilton, Artem Zub, Nick HoldenDougie Hamilton, Michael AndersonArtem Zub
Penalty Shots
Steven Stamkos, Jared McCann, Andre Burakovsky, Colton Sissons, Ryan Hartman
Goalie
Ilya Sorokin, Cam Talbot
Custom OT Lines Forwards
Steven Stamkos, Jared McCann, Andre Burakovsky, Colton Sissons, Ryan Hartman, Jakub Voracek, Nick Bjugstad, Nicholas Paul, Alexander Kerfoot, Casey Cizikas
Custom OT Lines Defensemen
Dougie Hamilton, Evan Bouchard, Michael Anderson, Alexander Edler, Nick Holden
Scratches
Devin Shore (Healthy), Mark Friedman (Healthy), Logan Shaw (Healthy)


Play-by-Play

1st period


0:01 of 1st period - Andrew Poturalski wins face-off versus Steven Stamkos in neutral zone.
0:38 of 1st period - Jacob Trouba is hit by Ryan Hartman and loses puck.
0:54 of 1st period - Jacob Trouba is hit by Nicholas Paul and loses puck.
1:27 of 1st period - Wrist shot by Andrew Poturalski.
1:27 of 1st period - Stopped by Ilya Sorokin with a rebound.
1:35 of 1st period - Snap shot by Jared McCann.
1:35 of 1st period - Shot Misses the Net.
1:47 of 1st period - Kevin Bahl is hit by Nicholas Paul and loses puck.
1:58 of 1st period - Snap shot by Alexander Kerfoot.
1:58 of 1st period - Shot Blocked by Kevin Bahl.
2:08 of 1st period - Jack Quinn is hit by Michael Anderson.
2:32 of 1st period - Backhand shot by Matthew Tkachuk.
2:32 of 1st period - Deflect By Andrew Poturalski.
2:32 of 1st period - Shot Blocked by Jakub Voracek.
2:32 of 1st period - Puck is out of play.
2:33 of 1st period - Casey Cizikas wins face-off versus Cole Perfetti in Senateurs zone.
2:42 of 1st period - Wrist shot by Casey Cizikas.
2:42 of 1st period - Deflect By Philipp Kurashev.
2:42 of 1st period - Shot Misses the Net.
2:42 of 1st period - Puck is out of play.
2:43 of 1st period - Casey Cizikas wins face-off versus Casey Mittelstadt in Maroons zone.
2:44 of 1st period - Wrist shot by Philipp Kurashev.
2:44 of 1st period - Stopped by John Gibson with a rebound.
3:02 of 1st period - Snap shot by Casey Cizikas.
3:02 of 1st period - Stopped by John Gibson with a rebound.
3:04 of 1st period - Slapshot by Casey Cizikas.
3:04 of 1st period - Shot Misses the Net.
3:06 of 1st period - Slapshot by Artem Zub.
3:06 of 1st period - Shot Blocked by Esa Lindell.
3:20 of 1st period - Wrist shot by Casey Cizikas.
3:20 of 1st period - Shot Blocked by Esa Lindell.
3:22 of 1st period - Wrist shot by Casey Cizikas.
3:22 of 1st period - Shot Misses the Net.
3:26 of 1st period - Snap shot by Casey Cizikas.
3:26 of 1st period - Stopped by John Gibson with a rebound.
3:28 of 1st period - Wrist shot by Philipp Kurashev.
3:28 of 1st period - Deflect By Eric Robinson.
3:28 of 1st period - Shot Blocked by Esa Lindell.
3:28 of 1st period - Puck is out of play.
3:29 of 1st period - Steven Stamkos wins face-off versus Kent Johnson in Maroons zone.
3:42 of 1st period - Slapshot by Jared McCann.
3:42 of 1st period - Deflect By Steven Stamkos.
3:42 of 1st period - Shot Blocked by Jacob Trouba.
3:42 of 1st period - Puck is out of play.
3:43 of 1st period - Kent Johnson wins face-off versus Nick Bjugstad in Maroons zone.
3:52 of 1st period - Kent Johnson is hit by Nick Bjugstad and loses puck.
4:45 of 1st period - Wrist shot by Cole Perfetti.
4:45 of 1st period - Shot Misses the Net.
4:59 of 1st period - Snap shot by Andrew Poturalski.
4:59 of 1st period - Shot Blocked by Michael Anderson.
5:12 of 1st period - Snap shot by Jared McCann.
5:12 of 1st period - Shot Misses the Net.
5:14 of 1st period - Slapshot by Michael Anderson.
5:14 of 1st period - Deflect By Jared McCann.
5:14 of 1st period - Shot Blocked by Jacob Trouba.
5:14 of 1st period - Puck is out of play.
5:15 of 1st period - Nick Bjugstad wins face-off versus Casey Mittelstadt in Maroons zone.
6:34 of 1st period - Minor Penalty to Dougie Hamilton for Holding.
6:35 of 1st period - Colton Sissons wins face-off versus Warren Foegele in Senateurs zone.
7:35 of 1st period - Artem Zub is hit by Arber Xhekaj and loses puck.
8:34 of 1st period - Penalty to Dougie Hamilton is over, Dougie Hamilton is back on ice.
8:47 of 1st period - Wrist shot by Casey Cizikas.
8:47 of 1st period - Stopped by John Gibson with a rebound.
8:52 of 1st period - Off-side.
8:53 of 1st period - Steven Stamkos wins face-off versus Andrew Poturalski in neutral zone.
8:58 of 1st period - Snap shot by Jared McCann.
8:58 of 1st period - Shot Blocked by Esa Lindell.
10:47 of 1st period - Wrist shot by Jared McCann.
10:47 of 1st period - Shot Blocked by Andrew Poturalski.
10:49 of 1st period - Wrist shot by Steven Stamkos.
10:49 of 1st period - Stopped by John Gibson with a rebound.
10:51 of 1st period - Wrist shot by Jared McCann.
10:51 of 1st period - Goal by Jared McCann - Maroons : 0 - Senateurs : 1.
10:52 of 1st period - Andrew Poturalski wins face-off versus Colton Sissons in neutral zone.
10:54 of 1st period - Double Minor Penalty to Jacob Trouba for High sticking.
10:55 of 1st period - Pierre-Luc Dubois wins face-off versus Steven Stamkos in Maroons zone.
11:21 of 1st period - Warren Foegele is hit by Ryan Hartman and loses puck.
12:44 of 1st period - Snap shot by Jack Quinn.
12:44 of 1st period - Stopped by Ilya Sorokin without a rebound.
12:45 of 1st period - Jakub Voracek wins face-off versus Jack Quinn in Senateurs zone.
12:50 of 1st period - Ryan Hartman is hit by Adam Erne and loses puck.
13:44 of 1st period - Off-side.
13:45 of 1st period - Colton Sissons wins face-off versus Jack Quinn in neutral zone.
13:56 of 1st period - Icing by Colton Sissons.
13:57 of 1st period - Pierre-Luc Dubois wins face-off versus Alexander Kerfoot in Senateurs zone.
14:06 of 1st period - Wrist shot by Alexander Kerfoot.
14:06 of 1st period - Deflect By Casey Cizikas.
14:06 of 1st period - Shot Misses the Net.
14:06 of 1st period - Puck is out of play.
14:07 of 1st period - Pierre-Luc Dubois wins face-off versus Steven Stamkos in Maroons zone.
14:54 of 1st period - Penalty to Jacob Trouba is over, Jacob Trouba is back on ice.
15:07 of 1st period - Rasmus Dahlin is hit by Alexander Edler and loses puck.
15:16 of 1st period - Snap shot by Ryan Hartman.
15:16 of 1st period - Stopped by John Gibson without a rebound.
15:17 of 1st period - Steven Stamkos wins face-off versus Matthew Tkachuk in Maroons zone.
15:20 of 1st period - Snap shot by Andre Burakovsky.
15:20 of 1st period - Stopped by John Gibson with a rebound.
15:32 of 1st period - Slapshot by Andre Burakovsky.
15:32 of 1st period - Shot Blocked by Kevin Bahl.
15:38 of 1st period - Steven Stamkos is hit by Jack Quinn and loses puck.
15:59 of 1st period - Snap shot by Casey Mittelstadt.
15:59 of 1st period - Shot Misses the Net.
16:33 of 1st period - Snap shot by Kent Johnson.
16:33 of 1st period - Stopped by Ilya Sorokin with a rebound.
16:47 of 1st period - Slapshot by Matthew Tkachuk.
16:47 of 1st period - Deflect By Jack Quinn.
16:47 of 1st period - Goal by Jack Quinn - Maroons : 1 - Senateurs : 1.
16:48 of 1st period - Steven Stamkos wins face-off versus Andrew Poturalski in neutral zone.
17:13 of 1st period - Dougie Hamilton is hit by Cole Perfetti.
17:32 of 1st period - Kent Johnson is hit by Evan Bouchard and loses puck.
17:41 of 1st period - Slapshot by Warren Foegele.
17:41 of 1st period - Shot Blocked by Jakub Voracek.
18:31 of 1st period - Off-side.
18:32 of 1st period - Nick Bjugstad wins face-off versus Warren Foegele in neutral zone.
18:35 of 1st period - Snap shot by Alexander Kerfoot.
18:35 of 1st period - Goal by Alexander Kerfoot - Maroons : 1 - Senateurs : 2.
18:36 of 1st period - Steven Stamkos wins face-off versus Andrew Poturalski in neutral zone.
19:28 of 1st period - Wrist shot by Nick Ritchie.
19:28 of 1st period - Shot Misses the Net.
19:46 of 1st period - Casey Cizikas is hit by Arber Xhekaj and loses puck.
Goals for this period are 1 for Maroons vs 2 for Senateurs.
Shots for this period are 4 for Maroons vs 9 for Senateurs.

2nd period


0:01 of 2nd period - Andrew Poturalski wins face-off versus Steven Stamkos in neutral zone.
0:50 of 2nd period - Slapshot by Rasmus Dahlin.
0:50 of 2nd period - Stopped by Ilya Sorokin with a rebound.
1:08 of 2nd period - Slapshot by Alexander Kerfoot.
1:08 of 2nd period - Shot Blocked by Vince Dunn.
1:13 of 2nd period - Icing by Andrew Poturalski.
1:14 of 2nd period - Casey Cizikas wins face-off versus Keegan Kolesar in Maroons zone.
1:17 of 2nd period - Snap shot by Casey Cizikas.
1:17 of 2nd period - Shot Misses the Net.
1:19 of 2nd period - Wrist shot by Artem Zub.
1:19 of 2nd period - Shot Blocked by Vince Dunn.
1:21 of 2nd period - Wrist shot by Philipp Kurashev.
1:21 of 2nd period - Stopped by John Gibson with a rebound.
1:27 of 2nd period - Snap shot by Casey Cizikas.
1:27 of 2nd period - Stopped by John Gibson with a rebound.
1:31 of 2nd period - Wrist shot by Philipp Kurashev.
1:31 of 2nd period - Shot Misses the Net.
1:33 of 2nd period - Snap shot by Casey Cizikas.
1:33 of 2nd period - Shot Misses the Net.
1:35 of 2nd period - Snap shot by Eric Robinson.
1:35 of 2nd period - Stopped by John Gibson with a rebound.
1:37 of 2nd period - Slapshot by Casey Cizikas.
1:37 of 2nd period - Deflect By Eric Robinson.
1:37 of 2nd period - Shot Misses the Net.
1:37 of 2nd period - Puck is out of play.
1:38 of 2nd period - Casey Mittelstadt wins face-off versus Jared McCann in Maroons zone.
1:43 of 2nd period - Michael Anderson is hit by Cole Perfetti and loses puck.
2:04 of 2nd period - Warren Foegele is hit by Michael Anderson and loses puck.
2:25 of 2nd period - Snap shot by Nicholas Paul.
2:25 of 2nd period - Goal by Nicholas Paul - Maroons : 1 - Senateurs : 3.
2:26 of 2nd period - Andrew Poturalski wins face-off versus Steven Stamkos in neutral zone.
2:26 of 2nd period - Andrew Poturalski is hit by Artem Zub.
2:36 of 2nd period - Wrist shot by Matthew Tkachuk.
2:36 of 2nd period - Deflect By Jack Quinn.
2:36 of 2nd period - Shot Misses the Net.
2:36 of 2nd period - Puck is out of play.
2:37 of 2nd period - Andrew Poturalski wins face-off versus Steven Stamkos in Senateurs zone.
2:41 of 2nd period - Minor Penalty to Artem Zub for Hooking.
2:42 of 2nd period - Warren Foegele wins face-off versus Colton Sissons in Senateurs zone.
2:44 of 2nd period - Wrist shot by Matthew Tkachuk.
2:44 of 2nd period - Shot Misses the Net.
2:46 of 2nd period - Wrist shot by Matthew Tkachuk.
2:46 of 2nd period - Stopped by Ilya Sorokin without a rebound.
2:47 of 2nd period - Colton Sissons wins face-off versus Warren Foegele in Senateurs zone.
4:31 of 2nd period - Warren Foegele is hit by Alexander Edler and loses puck.
4:41 of 2nd period - Penalty to Artem Zub is over, Artem Zub is back on ice.
4:52 of 2nd period - Casey Cizikas is hit by Arber Xhekaj and loses puck.
5:11 of 2nd period - Andrew Poturalski is hit by Ryan Hartman and loses puck.
5:51 of 2nd period - Jacob Trouba is hit by Nicholas Paul and loses puck.
6:29 of 2nd period - Arber Xhekaj is hit by Dougie Hamilton and loses puck.
6:55 of 2nd period - Esa Lindell is hit by Alexander Edler and loses puck.
7:35 of 2nd period - Eric Robinson is hit by Jacob Trouba and loses puck.
7:47 of 2nd period - Slapshot by Rasmus Dahlin.
7:47 of 2nd period - Shot Misses the Net.
7:53 of 2nd period - Wrist shot by Andrew Poturalski.
7:53 of 2nd period - Deflect By Evan Bouchard.
7:53 of 2nd period - Shot Blocked by Evan Bouchard.
7:53 of 2nd period - Puck is out of play.
7:54 of 2nd period - Colton Sissons wins face-off versus Kent Johnson in Senateurs zone.
7:56 of 2nd period - Minor Penalty to Michael Anderson for Tripping.
7:57 of 2nd period - Colton Sissons wins face-off versus Warren Foegele in Senateurs zone.
8:09 of 2nd period - Snap shot by Alexander Kerfoot.
8:09 of 2nd period - Shot Misses the Net.
8:32 of 2nd period - Slapshot by Jack Quinn.
8:32 of 2nd period - Stopped by Ilya Sorokin without a rebound.
8:33 of 2nd period - Casey Cizikas wins face-off versus Cole Perfetti in Senateurs zone.
8:42 of 2nd period - Wrist shot by Jack Quinn.
8:42 of 2nd period - Shot Blocked by Casey Cizikas.
8:44 of 2nd period - Wrist shot by Cole Perfetti.
8:44 of 2nd period - Stopped by Ilya Sorokin without a rebound.
8:45 of 2nd period - Pierre-Luc Dubois wins face-off versus Colton Sissons in Senateurs zone.
8:54 of 2nd period - Wrist shot by Matthew Tkachuk.
8:54 of 2nd period - Stopped by Ilya Sorokin with a rebound.
8:56 of 2nd period - Snap shot by Warren Foegele.
8:56 of 2nd period - Stopped by Ilya Sorokin with a rebound.
9:00 of 2nd period - Wrist shot by Pierre-Luc Dubois.
9:00 of 2nd period - Shot Blocked by Artem Zub.
9:47 of 2nd period - Jacob Trouba is hit by Casey Cizikas and loses puck.
9:56 of 2nd period - Penalty to Michael Anderson is over, Michael Anderson is back on ice.
10:00 of 2nd period - Alexander Edler is hit by Arber Xhekaj and loses puck.
10:12 of 2nd period - Icing by Alexander Kerfoot.
10:13 of 2nd period - Colton Sissons wins face-off versus Andrew Poturalski in Senateurs zone.
10:34 of 2nd period - Slapshot by Artem Zub.
10:34 of 2nd period - Deflect By Pierre-Luc Dubois.
10:34 of 2nd period - Stopped by John Gibson with a rebound.
10:36 of 2nd period - Slapshot by Alexander Edler.
10:36 of 2nd period - Shot Blocked by Cole Perfetti.
10:38 of 2nd period - Wrist shot by Andre Burakovsky.
10:38 of 2nd period - Stopped by John Gibson with a rebound.
11:38 of 2nd period - Wrist shot by Matthew Tkachuk.
11:38 of 2nd period - Shot Misses the Net.
11:40 of 2nd period - Wrist shot by Andrew Poturalski.
11:40 of 2nd period - Deflect By Matthew Tkachuk.
11:40 of 2nd period - Maroons goal is going for a video replay.
11:40 of 2nd period - The goal is refused. The puck has entered the net after making contact with an attacking player’s stick that is above the height of the crossbar..
11:41 of 2nd period - Casey Cizikas wins face-off versus Casey Mittelstadt in Senateurs zone.
11:53 of 2nd period - Pierre-Luc Dubois is hit by Eric Robinson and loses puck.
12:16 of 2nd period - Wrist shot by Steven Stamkos.
12:16 of 2nd period - Stopped by John Gibson without a rebound.
12:17 of 2nd period - Colton Sissons wins face-off versus Andrew Poturalski in Maroons zone.
12:30 of 2nd period - Wrist shot by Matthew Tkachuk.
12:30 of 2nd period - Shot Misses the Net.
12:32 of 2nd period - Backhand shot by Jack Quinn.
12:32 of 2nd period - Stopped by Ilya Sorokin with a rebound.
12:44 of 2nd period - Cole Perfetti is hit by Nicholas Paul and loses puck.
12:50 of 2nd period - Off-side.
12:51 of 2nd period - Andrew Poturalski wins face-off versus Nick Bjugstad in neutral zone.
13:00 of 2nd period - Wrist shot by Alexander Kerfoot.
13:00 of 2nd period - Shot Blocked by Arber Xhekaj.
13:25 of 2nd period - Snap shot by Pierre-Luc Dubois.
13:25 of 2nd period - Shot Misses the Net.
13:49 of 2nd period - Snap shot by Steven Stamkos.
13:49 of 2nd period - Shot Misses the Net.
14:03 of 2nd period - Wrist shot by Esa Lindell.
14:03 of 2nd period - Shot Blocked by Dougie Hamilton.
14:05 of 2nd period - Snap shot by Andrew Poturalski.
14:05 of 2nd period - Stopped by Ilya Sorokin without a rebound.
14:06 of 2nd period - Colton Sissons wins face-off versus Andrew Poturalski in Senateurs zone.
14:31 of 2nd period - Nick Bjugstad is hit by Cole Perfetti and loses puck.
15:21 of 2nd period - Casey Cizikas is hit by Kevin Bahl.
15:37 of 2nd period - Jakub Voracek is hit by Andrew Poturalski and loses puck.
16:13 of 2nd period - Snap shot by Andrew Poturalski.
16:13 of 2nd period - Shot Blocked by Alexander Edler.
16:15 of 2nd period - Wrist shot by Adam Erne.
16:15 of 2nd period - Stopped by Ilya Sorokin without a rebound.
16:16 of 2nd period - Casey Mittelstadt wins face-off versus Nick Bjugstad in Senateurs zone.
16:48 of 2nd period - Slapshot by Dougie Hamilton.
16:48 of 2nd period - Stopped by John Gibson with a rebound.
16:50 of 2nd period - Slapshot by Dougie Hamilton.
16:50 of 2nd period - Deflect By Rasmus Dahlin.
16:50 of 2nd period - Stopped by John Gibson with a rebound.
17:06 of 2nd period - Snap shot by Casey Cizikas.
17:06 of 2nd period - Deflect By Eric Robinson.
17:06 of 2nd period - Stopped by John Gibson with a rebound.
17:08 of 2nd period - Slapshot by Philipp Kurashev.
17:08 of 2nd period - Shot Blocked by Matthew Tkachuk.
17:22 of 2nd period - Wrist shot by Casey Mittelstadt.
17:22 of 2nd period - Stopped by Ilya Sorokin with a rebound.
17:24 of 2nd period - Snap shot by Jacob Trouba.
17:24 of 2nd period - Stopped by Ilya Sorokin without a rebound.
17:25 of 2nd period - Colton Sissons wins face-off versus Casey Mittelstadt in Senateurs zone.
17:52 of 2nd period - Kent Johnson is hit by Jared McCann and loses puck.
18:18 of 2nd period - Esa Lindell is hit by Eric Robinson and loses puck.
18:25 of 2nd period - Snap shot by Casey Cizikas.
18:25 of 2nd period - Shot Misses the Net.
18:39 of 2nd period - Nick Holden is hit by Casey Mittelstadt and loses puck.
18:56 of 2nd period - Snap shot by Andrew Poturalski.
18:56 of 2nd period - Shot Misses the Net.
18:58 of 2nd period - Slapshot by Arber Xhekaj.
18:58 of 2nd period - Shot Misses the Net.
19:10 of 2nd period - Slapshot by Nick Holden.
19:10 of 2nd period - Stopped by John Gibson with a rebound.
19:58 of 2nd period - Snap shot by Philipp Kurashev.
19:58 of 2nd period - Stopped by John Gibson without a rebound.
19:59 of 2nd period - Kent Johnson wins face-off versus Casey Cizikas in Maroons zone.
19:59 of 2nd period - Kent Johnson is hit by Artem Zub.
Goals for this period are 0 for Maroons vs 1 for Senateurs.
Shots for this period are 12 for Maroons vs 12 for Senateurs.

3rd period


0:01 of 3rd period - Andrew Poturalski wins face-off versus Colton Sissons in neutral zone.
0:12 of 3rd period - Snap shot by Matthew Tkachuk.
0:12 of 3rd period - Shot Misses the Net.
0:14 of 3rd period - Wrist shot by Jacob Trouba.
0:14 of 3rd period - Stopped by Ilya Sorokin without a rebound.
0:15 of 3rd period - Steven Stamkos wins face-off versus Andrew Poturalski in Senateurs zone.
0:15 of 3rd period - Steven Stamkos is hit by Matthew Tkachuk.
1:03 of 3rd period - Icing by Philipp Kurashev.
1:04 of 3rd period - Casey Cizikas wins face-off versus Kent Johnson in Senateurs zone.
1:11 of 3rd period - Slapshot by Michael Anderson.
1:11 of 3rd period - Stopped by John Gibson without a rebound.
1:12 of 3rd period - Andrew Poturalski wins face-off versus Steven Stamkos in Maroons zone.
1:37 of 3rd period - Nick Bjugstad is hit by Rasmus Dahlin and loses puck.
1:57 of 3rd period - Off-side.
1:58 of 3rd period - Colton Sissons wins face-off versus Kent Johnson in neutral zone.
2:06 of 3rd period - Minor Penalty to Kent Johnson for Hooking.
2:07 of 3rd period - Pierre-Luc Dubois wins face-off versus Steven Stamkos in Maroons zone.
2:19 of 3rd period - Snap shot by Pierre-Luc Dubois.
2:19 of 3rd period - Stopped by Ilya Sorokin without a rebound.
2:20 of 3rd period - Pierre-Luc Dubois wins face-off versus Steven Stamkos in Senateurs zone.
2:57 of 3rd period - Wrist shot by Dougie Hamilton.
2:57 of 3rd period - Stopped by John Gibson without a rebound.
2:58 of 3rd period - Nicholas Paul wins face-off versus Adam Erne in Maroons zone.
3:55 of 3rd period - Arber Xhekaj is hit by Andre Burakovsky and loses puck.
4:06 of 3rd period - Penalty to Kent Johnson is over, Kent Johnson is back on ice.
4:36 of 3rd period - Snap shot by Nick Ritchie.
4:36 of 3rd period - Stopped by Ilya Sorokin without a rebound.
4:37 of 3rd period - Nick Bjugstad wins face-off versus Kent Johnson in Senateurs zone.
4:44 of 3rd period - Snap shot by Warren Foegele.
4:44 of 3rd period - Deflect By Nick Ritchie.
4:44 of 3rd period - Shot Hit the Post.
4:44 of 3rd period - Puck is out of play.
4:45 of 3rd period - Steven Stamkos wins face-off versus Andrew Poturalski in Senateurs zone.
4:58 of 3rd period - Slapshot by Matthew Tkachuk.
4:58 of 3rd period - Shot Blocked by Jared McCann.
5:00 of 3rd period - Wrist shot by Matthew Tkachuk.
5:00 of 3rd period - Shot Blocked by Dougie Hamilton.
5:07 of 3rd period - Icing by Dougie Hamilton.
5:08 of 3rd period - Casey Mittelstadt wins face-off versus Colton Sissons in Senateurs zone.
6:25 of 3rd period - Slapshot by Casey Mittelstadt.
6:25 of 3rd period - Shot Misses the Net.
6:35 of 3rd period - Snap shot by Alexander Kerfoot.
6:35 of 3rd period - Shot Blocked by Vince Dunn.
7:12 of 3rd period - Off-side.
7:13 of 3rd period - Nick Bjugstad wins face-off versus Casey Mittelstadt in neutral zone.
7:47 of 3rd period - Slapshot by Andre Burakovsky.
7:47 of 3rd period - Stopped by John Gibson with a rebound.
7:49 of 3rd period - Snap shot by Steven Stamkos.
7:49 of 3rd period - Stopped by John Gibson with a rebound.
8:05 of 3rd period - Slapshot by Philipp Kurashev.
8:05 of 3rd period - Stopped by John Gibson with a rebound.
8:07 of 3rd period - Backhand shot by Philipp Kurashev.
8:07 of 3rd period - Shot Blocked by Rasmus Dahlin.
8:09 of 3rd period - Slapshot by Michael Anderson.
8:09 of 3rd period - Stopped by John Gibson with a rebound.
8:11 of 3rd period - Snap shot by Casey Cizikas.
8:11 of 3rd period - Stopped by John Gibson without a rebound.
8:12 of 3rd period - Casey Mittelstadt wins face-off versus Steven Stamkos in Maroons zone.
8:14 of 3rd period - Icing by Cole Perfetti.
8:15 of 3rd period - Jared McCann wins face-off versus Casey Mittelstadt in Maroons zone.
9:07 of 3rd period - Slapshot by Rasmus Dahlin.
9:07 of 3rd period - Shot Blocked by Artem Zub.
9:09 of 3rd period - Slapshot by Jacob Trouba.
9:09 of 3rd period - Shot Blocked by Alexander Kerfoot.
9:54 of 3rd period - Snap shot by Nicholas Paul.
9:54 of 3rd period - Stopped by John Gibson with a rebound.
10:02 of 3rd period - Minor Penalty to Dougie Hamilton for Charging.
10:03 of 3rd period - Colton Sissons wins face-off versus Warren Foegele in Senateurs zone.
10:11 of 3rd period - Icing by Vince Dunn.
10:12 of 3rd period - Colton Sissons wins face-off versus Warren Foegele in Maroons zone.
10:15 of 3rd period - Snap shot by Andre Burakovsky.
10:15 of 3rd period - Shot Blocked by Matthew Tkachuk.
10:35 of 3rd period - Snap shot by Matthew Tkachuk.
10:35 of 3rd period - Stopped by Ilya Sorokin without a rebound.
10:36 of 3rd period - Colton Sissons wins face-off versus Cole Perfetti in Senateurs zone.
10:36 of 3rd period - Colton Sissons is hit by Kent Johnson.
11:09 of 3rd period - Michael Anderson is hit by Rasmus Dahlin and loses puck.
11:46 of 3rd period - Alexander Edler is hit by Jack Quinn and loses puck.
12:02 of 3rd period - Penalty to Dougie Hamilton is over, Dougie Hamilton is back on ice.
12:56 of 3rd period - Steven Stamkos is hit by Adam Erne and loses puck.
13:15 of 3rd period - Snap shot by Philipp Kurashev.
13:15 of 3rd period - Stopped by John Gibson with a rebound.
13:17 of 3rd period - Slapshot by Casey Cizikas.
13:17 of 3rd period - Stopped by John Gibson with a rebound.
13:19 of 3rd period - Snap shot by Artem Zub.
13:19 of 3rd period - Shot Blocked by Jacob Trouba.
13:37 of 3rd period - Slapshot by Dougie Hamilton.
13:37 of 3rd period - Stopped by John Gibson with a rebound.
14:03 of 3rd period - Wrist shot by Casey Cizikas.
14:03 of 3rd period - Stopped by John Gibson with a rebound.
14:13 of 3rd period - Warren Foegele is hit by Alexander Edler and loses puck.
15:42 of 3rd period - Jacob Trouba is hit by Nick Bjugstad and loses puck.
15:51 of 3rd period - Slapshot by Nicholas Paul.
15:51 of 3rd period - Stopped by John Gibson with a rebound.
16:28 of 3rd period - Jack Quinn is hit by Casey Cizikas and loses puck.
16:47 of 3rd period - Keegan Kolesar is hit by Artem Zub and loses puck.
17:11 of 3rd period - Snap shot by Andre Burakovsky.
17:11 of 3rd period - Goal by Andre Burakovsky - Maroons : 1 - Senateurs : 4.
17:12 of 3rd period - Andrew Poturalski wins face-off versus Steven Stamkos in neutral zone.
17:17 of 3rd period - Slapshot by Matthew Tkachuk.
17:17 of 3rd period - Stopped by Ilya Sorokin without a rebound.
17:18 of 3rd period - Steven Stamkos wins face-off versus Andrew Poturalski in Senateurs zone.
17:31 of 3rd period - Slapshot by Matthew Tkachuk.
17:31 of 3rd period - Shot Misses the Net.
17:33 of 3rd period - Slapshot by Matthew Tkachuk.
17:33 of 3rd period - Stopped by Ilya Sorokin with a rebound.
17:55 of 3rd period - Slapshot by Casey Mittelstadt.
17:55 of 3rd period - Stopped by Ilya Sorokin without a rebound.
17:56 of 3rd period - Colton Sissons wins face-off versus Andrew Poturalski in Senateurs zone.
18:21 of 3rd period - Alexander Kerfoot is hit by Warren Foegele and loses puck.
18:26 of 3rd period - Wrist shot by Nick Ritchie.
18:26 of 3rd period - Shot Misses the Net.
18:28 of 3rd period - Wrist shot by Nick Ritchie.
18:28 of 3rd period - Shot Blocked by Michael Anderson.
18:30 of 3rd period - Snap shot by Arber Xhekaj.
18:30 of 3rd period - Stopped by Ilya Sorokin without a rebound.
18:31 of 3rd period - Andrew Poturalski wins face-off versus Ryan Hartman in Senateurs zone.
18:44 of 3rd period - Snap shot by Jack Quinn.
18:44 of 3rd period - Shot Blocked by Alexander Edler.
18:46 of 3rd period - Snap shot by Andrew Poturalski.
18:46 of 3rd period - Stopped by Ilya Sorokin without a rebound.
18:47 of 3rd period - Casey Mittelstadt wins face-off versus Steven Stamkos in Senateurs zone.
18:48 of 3rd period - Slapshot by Pierre-Luc Dubois.
18:48 of 3rd period - Shot Misses the Net.
18:50 of 3rd period - Slapshot by Casey Mittelstadt.
18:50 of 3rd period - Stopped by Ilya Sorokin without a rebound.
18:51 of 3rd period - Steven Stamkos wins face-off versus Casey Mittelstadt in Senateurs zone.
19:36 of 3rd period - Wrist shot by Alexander Kerfoot.
19:36 of 3rd period - Stopped by John Gibson without a rebound.
19:37 of 3rd period - Nick Bjugstad wins face-off versus Kent Johnson in Maroons zone.
19:38 of 3rd period - Wrist shot by Alexander Kerfoot.
19:38 of 3rd period - Shot Misses the Net.
19:48 of 3rd period - Slapshot by Vince Dunn.
19:48 of 3rd period - Stopped by Ilya Sorokin with a rebound.
19:50 of 3rd period - Snap shot by Warren Foegele.
19:50 of 3rd period - Stopped by Ilya Sorokin without a rebound.
19:51 of 3rd period - Colton Sissons wins face-off versus Andrew Poturalski in Senateurs zone.
Goals for this period are 0 for Maroons vs 1 for Senateurs.
Shots for this period are 12 for Maroons vs 15 for Senateurs.




Output by the SimonT Hockey Simulator (STHS) for Eric Tremblay - Original Page W3C HTML5 Valid
Hockey Simulator - Hockey Simulation - Hockey Manager